 Dungeon Crawl Stone Soup version 0.31-a0-18-gea43df2a32 (webtiles) character file.

Game seed: 1169603810749416388

787 senseless the Magician (level 7, -4/52 HPs)
             Began as a Demonspawn Transmuter on May 11, 2023.
             Killed by divine providence
             ... invoked by an orc priest
              (13 damage)
             ... on level 5 of the Dungeon.
             The game lasted 00:12:42 (5470 turns).

senseless the Magician (Demonspawn Transmuter)      Turns: 5470, Time: 00:12:42

Health: -4/52      AC:  4    Str: 13    XL:     7   Next: 56%
Magic:  13/13      EV: 13    Int: 14    God:
Gold:   204        SH: 11    Dex: 13    Spells: 7/14 levels left

rFire   . .          .
                       - Unarmed
rCold   . . .        (no shield)
rNeg    . . .        a - +0 robe
rPois   .            (helmet currently unavailable)
rElec   .            t - +0 cloak
rCorr   .            h - +0 pair of gloves
SInv    .            (boots currently unavailable)
Will    +....        i - amulet of reflection
Stlth   +            m - ring of willpower
HPRegen 0.28/turn    (no ring)
MPRegen 0.13/turn

%: reflection
@: appendages, wereblooded, unable to drink
A: horns 2, talons 2, large bone plates 2, powered by pain 1, weakness stinger
1, mutation resistance 1, inability to drink after injury 1
a: End Transformation


You were on level 5 of the Dungeon.
You had temporarily grown beastly horns and talons.
You visited 1 branch of the dungeon, and saw 5 of its levels.

You collected 204 gold pieces.

Inventory:

Hand Weapons
 p - a +2 trident of protection
 r - a +4 dagger
Armour
 a - a +0 robe (worn)
 h - a +0 pair of gloves (worn)
 t - a +0 cloak (worn)
Jewellery
 e - an amulet of faith
 i - an amulet of reflection (around neck)
 m - a ring of willpower (left hand)
Scrolls
 d - a scroll of silence
 f - a scroll of identify
 g - a scroll of enchant armour {unknown}
 k - 2 scrolls of fog
 l - 3 scrolls of teleportation
Potions
 b - a potion of lignification
 c - 2 potions of heal wounds {unknown}
 n - 2 potions of cancellation


   Skills:
 + Level 3.2 Fighting
 + Level 3.3 Dodging
 + Level 3.9 Unarmed Combat
 * Level 4.2 Spellcasting
 * Level 4.0 Transmutations
 + Level 2.0 Ice Magic


You had 7 spell levels left.
You knew the following spells:

 Your Spells              Type           Power      Damage    Failure   Level
a - Beastly Appendage     Tmut           28%        N/A       3%          1
b - Wereblood             Tmut           14%        N/A       5%          2
c - Ice Form              Ice/Tmut       11%        N/A       47%         4

Your spell library contained the following spells:

 Spells                   Type           Power      Damage    Failure   Level
 Shock                    Conj/Air       8%         1d3       19%         1
 Ensorcelled Hibernation  Hex/Ice        10%        N/A       19%         2
 Spider Form              Tmut/Pois      8%         N/A       24%         3
 Poisonous Vapours        Pois/Air       4%         N/A       28%         2
 Mephitic Cloud           Conj/Pois/Air  2%         N/A       50%         3
 Swiftness                Air            2%         N/A       50%         3
 Airstrike                Air            1%         2d(1-17)  88%         4
 Anguish                  Hex/Necr       1%         N/A       88%         4
 Freezing Cloud           Conj/Ice/Air   2%         6-21      98%         5


Dungeon Overview and Level Annotations

Branches:
Dungeon (5/15)
 Temple: D:4-7

Altars:
Qazlal

Shops:
D:1 [


Innate Abilities, Weirdness & Mutations

You have temporarily grown beastly horns and talons.
You are mostly covered in large bone plates. (SH +6)
You sometimes gain a little power by taking damage.
You have a small tail.
You are somewhat resistant to further mutation.
You occasionally lose the ability to drink potions when taking damage.


Message History

The orc priest is healed somewhat.
You feel better. The orc barely misses you. You block the orc priest's attack.
The orc closely misses you. The orc priest hits you with a +0 club.
You hit the orc. You claw the orc, but do no damage.
You headbutt the orc, but do no damage.
The orc is severely wounded.
The orc misses you. You block the orc priest's attack.
You block the orc's attack. The orc priest barely misses you.
You hit the orc but do no damage. You claw the orc.
You feel a bit better.
You kill the orc!
The orc hits you with a +0 mace.
* * * LOW HITPOINT WARNING * * *
The orc priest hits you with a +0 falchion!
You feel threatened and lose the ability to drink potions!
* * * LOW HITPOINT WARNING * * *
The orc priest casts a cantrip, but nothing happens.
You hit the orc. You claw the orc.
You feel a bit better.
You kill the orc!
You howl as the wereblood boils in your veins!
You barely miss the orc. You block the orc's attack.
The orc priest calls upon Beogh to heal the orc priest.
The orc priest's wounds heal themselves!
The orc priest misses you.
You barely miss the orc. You claw the orc, but do no damage.
You block the orc's attack.
The orc priest calls down the wrath of Beogh upon you.
You resist with some effort.
The orc priest looks braver for a moment.
You hit the orc. Your kick misses the orc. Your headbutt misses the orc.
Your tail-slap misses the orc.
The orc is lightly wounded.
You can drink potions again.
The orc barely misses you.
The orc priest calls upon Beogh to heal the orc.
The orc's wounds heal themselves!
The orc priest barely misses you.
You barely miss the orc. You block the orc's attack.
The orc priest invokes the aid of Beogh against you.
Beogh smites you!
You feel threatened and lose the ability to drink potions!
You die...

...#
##...............###.#
##.##
##..............##...##
#..#
##.............######.#
#..# ##...#.........##
###
##.#####..####.......##
#..##...## #.......#
#......## #.......##
##..##...# #o)o.....#
##..####..##
#o@####..##
#....####..####..#
##..#
..)...####..##...#
#..####.#
.......###...#..##
##......#
.#..............#
###..###..#
..###...........#
##...## .# ..#
##..........###...##
### ##..............##
.ยง### #......###...###


You could see 2 orc priests and an orc.

Vanquished Creatures
  3 ogres
  2 kobold brigands (D:3)
  A scorpion (D:5)
  3 hounds (D:5)
  An orc priest (D:5)
  A sleepcap (D:5)
  7 gnolls
  4 adders
  3 worms
  2 dart slugs
  6 orcs
  8 endoplasms
  2 giant cockroaches
  7 goblins
  3 hobgoblins (D:1)
  3 jackals (D:1)
  13 kobolds
  10 ball pythons
  3 bats
  2 frilled lizards (D:2)
  3 rats
87 creatures vanquished.

Notes
Turn   | Place    | Note
-------+----------+-------------------------------------------
     0 | D:1      | senseless the Demonspawn Transmuter began the quest for the
                  | Orb.
     0 | D:1      | Reached XP level 1. HP: 15/15 MP: 3/3
   196 | D:1      | Found Igereq's Armour Shoppe.
   209 | D:1      | Gained mutation: You have a small tail. [demonic ancestry]
   209 | D:1      | Reached XP level 2. HP: 21/21 MP: 3/5
   722 | D:1      | Gained mutation: You sometimes gain a little power by
                  | taking damage. [demonic ancestry]
   722 | D:1      | Reached XP level 3. HP: 25/26 MP: 6/6
  1379 | D:2      | Gained mutation: You are partially covered in large bone
                  | plates. (SH +4) [demonic ancestry]
  1379 | D:2      | Reached XP level 4. HP: 32/33 MP: 7/7
  1597 | D:2      | Learned a level 2 spell: Wereblood
  1602 | D:2      | Learned a level 4 spell: Ice Form
  1776 | D:3      | Noticed a kobold brigand
  1797 | D:3      | Killed a kobold brigand
  1798 | D:3      | Reached XP level 5. HP: 32/38 MP: 5/9
  2309 | D:3      | Reached skill level 1 in Ice Magic
  3095 | D:4      | Noticed an ogre
  3107 | D:4      | Killed an ogre
  3108 | D:4      | Gained mutation: You are mostly covered in large bone
                  | plates. (SH +6) [demonic ancestry]
  3108 | D:4      | Reached XP level 6. HP: 20/46 MP: 9/11
  3539 | D:4      | Gained mutation: You are somewhat resistant to further
                  | mutation. [potion of mutation]
  3539 | D:4      | Gained mutation: You occasionally lose the ability to drink
                  | potions when taking damage. [potion of mutation]
  3985 | D:5      | Entered Level 5 of the Dungeon
  4111 | D:5      | Reached XP level 7. HP: 49/51 MP: 10/12
  5098 | D:5      | Found a stormy altar of Qazlal.
  5470 | D:5      | Killed from afar by an orc priest

Illustrated notes

Levels and vault maps discovered:
D:1:      spicycebolla_arrival_ecumenical, layout_basic, serial_shops,
          nicolae_shop_advertising_works [nicolae_subvault_shop_adworks],
          minmay_misc_feat_iff
D:2:      layout_rooms, minivault_27
D:3:      cheibrodos_thug_alley, layout_basic
D:4:      layout_basic
D:5:      layout_layer_cave, grunt_qazlal_clouds

Skill      XL: |  1  2  3  4  5  6  7 |
---------------+----------------------+-----
Dodging        | 2 3 |  3.3
Transmutations | 2 3 4 |  4.0
Unarmed Combat | 3 |  3.9
Fighting       | 2 3 |  3.2
Spellcasting   | 3 4 |  4.2
Ice Magic      | 1 2 |  2.0

Action                     |  1- 3 |  4- 6 |  7- 9 || total
---------------------------+-------+-------+-------++-------
  Melee: Unarmed           |    88 |   112 |    61 ||   261
         Headbutt          |     9 |    20 |    18 ||    47
         Kick              |    18 |    27 |    20 ||    65
         Tailslap          |    14 |    22 |    11 ||    47
         Punch             |     2 |     2 |     2 ||     6
   Cast: Beastly Appendage |    28 |    32 |    10 ||    70
         Wereblood         |       |     1 |     2 ||     3
    Use: Scroll            |       |    12 |     1 ||    13
         Potion            |       |     1 |     1 ||     2
   Stab: Sleeping          |     1 |       |       ||     1
 Armour: Robe              |    18 |    10 |     2 ||    30
  Dodge: Dodged            |    47 |    35 |    34 ||   116
  Block: Other             |    15 |    42 |    28 ||    85
         Reflection        |       |     1 |       ||     1

Table legend: (Time is in decaauts)
 A = Elapsed time spent in this place.
 B = Non-inter-level travel time spent in this place.
 C = Inter-level travel time spent in this place.
 D = Time resting spent in this place.
 E = Time spent auto-exploring this place.
 F = Levels seen in this place.
 G = Mean time per level.
                   A        B        C        D        E       F      G
               +--------+--------+--------+--------+--------+-----+--------+
         Total |   5470 |   5096 |    374 |    207 |   4100 |   5 | 1094.0 |
       Dungeon |   5470 |   5096 |    374 |    207 |   4100 |   5 | 1094.0 |
               +--------+--------+--------+--------+--------+-----+--------+

Top non-repeatable levels by time:
     D:5: 1415 daAuts
     D:3: 1383 daAuts
     D:1: 1034 daAuts
     D:4: 989 daAuts
     D:2: 647 daAuts
